 Dungeon Crawl Stone Soup version 0.28-a0-1174-g766a6a42ef (webtiles) character file.

Game seed: 7657312740008844246

310620 tilp the Devastator (level 20, -21/102 HPs)
             Began as a Felid Ice Elementalist on Dec 14, 2021.
             Was the Champion of Ru.
             Killed from afar by a titan (40 damage)
             ... with a bolt of lightning
             ... on level 5 of the Vaults on Dec 16, 2021.
             The game lasted 04:42:18 (117328 turns).

tilp the Devastator (Felid Ice Elementalist)      Turns: 117328, Time: 04:42:19

Health: -21/102    AC:  7    Str:  4    XL:     20   Next: 40%
Magic:  8/31       EV: 30    Int: 23    God:    Ru [******]
Gold:   5016       SH:  0    Dex: 16    Spells: 4/39 levels left
                                        Lives:  0   Deaths: 4

rFire   + + .      SeeInvis +     - Unarmed
rCold   + . .      Faith    .   (shield unavailable)
rNeg    . . .      Spirit   .   (armour unavailable)
rPois   +          Reflect  .   (helmet unavailable)
rElec   .          Harm     .   (cloak unavailable)
rCorr   +          Rampage  .   (gloves unavailable)
Will    +++..                   (boots unavailable)
Stlth   ++++++....              S - amulet "Gexkosas" {RegenMP rPois Regen+ rCorr Dex-3}
HPRegen 1.07/turn               M - ring of Husyix {Drain rPois rF++}
MPRegen 0.62/turn               y - +4 ring of protection

@: brilliant, exhausted, about to teleport, unable to drink, overwhelmed with
horror, studying Ice Magic, quick
A: very small, claws 1, fangs 3, see invisible, speed 1, low mp 1, shaggy fur 3,
inability to use devices, hated by all, cowardly, no hexes magic, no poison
magic, no translocations magic, stealthy paws, missing an eye, no weapons or
thrown items, no armour, multi-lived
}: 2/15 runes: barnacled, gossamer
a: Renounce Religion, Draw Out Power, Power Leap, Apocalypse


You were on level 5 of the Vaults.
You worshipped Ru.
Ru was exalted by your worship.
You visited 9 branches of the dungeon, and saw 43 of its levels.
You visited the Abyss 1 time.
You also visited: Sewer, Ossuary, Gauntlet, Ice Cave and Desolation.

You collected 7179 gold pieces.
You spent 2163 gold pieces at shops.

Inventory:

Jewellery
 g - a ring of protection from cold
 i - a +4 ring of evasion
 n - a ring of positive energy
 q - a ring of wizardry
 r - a +4 ring of protection
 s - a ring of fire
 t - a ring of fire
 v - a +6 ring of intelligence
 y - a +4 ring of protection (right paw)
 A - the amulet of the Air {Inacc Air Fly rElec RMsl}
   (You found it in the Desolation of Salt)

   [amulet of nothing]

   It reduces the accuracy of all your attacks.
   It enhances your air magic.
   rElec:     It insulates you from electricity.
   Fly:       It grants you flight.
   RMsl:      It protects you from missiles.
 B - a ring of flight
 C - a +4 ring of protection
 E - a ring of protection from cold
 F - a +6 ring of intelligence
 G - a ring of ice
 H - a +4 ring of evasion
 K - a ring of willpower
 L - a ring of willpower
 M - the ring of Husyix (left paw) {Drain rPois rF++}
   (You bought it in a shop on level 2 of the Orcish Mines)

   [ring of poison resistance]

   rF:        It greatly protects you from fire.
   rPois:     It protects you from poison.
   Drain:     It drains your maximum health when unequipped.
 Q - a +6 ring of strength
 S - the amulet "Gexkosas" (around neck) {RegenMP rPois Regen+ rCorr Dex-3}
   (You acquired it on level 3 of the Depths)

   [amulet of magic regeneration]

   It increases your rate of magic regeneration.
   Dex:       It affects your dexterity (-3).
   rPois:     It protects you from poison.
   Regen:     It increases your rate of health regeneration.
   rCorr:     It protects you from acid and corrosion.
 U - the ring of Xom's Whimsicality {+Blink Dex+6}
   (You found it on level 4 of the Shoals)

   [ring of dexterity]

   Dex:       It affects your dexterity (+6).
   +Blink:    It lets you blink.
 V - a +6 ring of dexterity
 W - the amulet of Nalaep {Reflect rPois rN+ Int-4 SH+5}
   (You found it on level 1 of the Elven Halls)

   [amulet of reflection]

   It reflects blocked missile attacks.
   Int:       It affects your intelligence (-4).
   rPois:     It protects you from poison.
   rN:        It protects you from negative energy.
   SH:        It affects your SH (+5).
Scrolls
 a - 20 scrolls of teleportation
 e - 12 scrolls of amnesia
 p - 4 scrolls of holy word
 u - 27 scrolls of identify
 w - 7 scrolls of noise
 x - 9 scrolls of fear
 D - 7 scrolls of fog
 J - 2 scrolls of magic mapping
 O - 4 scrolls of blinking
Potions
 b - 10 potions of curing
 c - 4 potions of magic
 d - 11 potions of mutation
 f - 3 potions of resistance
 h - 12 potions of heal wounds
 j - 6 potions of lignification
 k - 6 potions of flight
 l - 2 potions of invisibility
 m - 9 potions of might
 o - 10 potions of ambrosia
 z - 6 potions of brilliance
 P - 4 potions of cancellation
 T - 3 potions of attraction


   Skills:
 - Level 18.0 Fighting
 - Level 19.1 Dodging
 - Level 15.0 Stealth
 - Level 15.0 Unarmed Combat
 - Level 10.0 Spellcasting
 * Level 20.9 Conjurations
 + Level 20.8 Ice Magic
 - Level 8.0 Earth Magic


You had 4 spell levels left.
You knew the following spells:

 Your Spells              Type           Power      Damage    Failure   Level
a - Freeze                Ice            100%       1d11      0%          1
b - Frozen Ramparts       Ice            100%       1d12      0%          3
c - Ozocubu's Armour      Ice            76%        N/A       0%          3
d - Hailstorm             Conj/Ice       76%        3d16      0%          4
e - Orb of Destruction    Conj           38%        9d13      1%          7
f - Stone Arrow           Conj/Erth      100%       3d13      1%          3
g - Iron Shot             Conj/Erth      31%        9d6       2%          6
h - Ozocubu's Refrigerat  Ice            38%        4d12      1%          7
i - Shock                 Conj/Air       100%       1d9       1%          1

Your spell library contained the following spells:

 Spells                   Type           Power      Damage    Failure   Level
 Pain                     Necr           40%        1d6       5%          1
 Corpse Rot               Necr/Air       20%        N/A       9%          2
 Swiftness                Air            10%        N/A       17%         3
 Vampiric Draining        Necr           10%        2d6       17%         3
 Airstrike                Air            5%         N/A       50%         4
 Dispel Undead            Necr           10%        3d9       50%         4
 Iskenderun's Battlesphe  Conj           76%        2d12      1%          5
 Fireball                 Conj/Fire      25%        3d11      2%          5
 Conjure Ball Lightning   Conj/Air       25%        3x3d7     12%         6
 Starburst                Conj/Fire      25%        6d8       12%         6
 Lehudib's Crystal Spear  Conj/Erth      31%        10d8      69%         8
 Blade Hands              Tmut           5%         N/A       83%         5
 Dragon Form              Tmut           5%         N/A       100%        7
 Storm Form               Tmut/Air       5%         N/A       100%        7
 Ignition                 Fire           5%         3d4       100%        8
 Maxwell's Capacitive Co  Air            5%         ∞         100%        8
 Animate Skeleton         Necr           Unusable   N/A       N/A         1
 Sting                    Tmut/Pois      Unusable   1d5       N/A         1
 Animate Armour           Summ/Erth      Unusable   N/A       N/A         4
 Leda's Liquefaction      Hex/Erth       Unusable   N/A       N/A         4
 Call Canine Familiar     Summ           Unusable   N/A       N/A         3
 Portal Projectile        Hex/Tloc       Unusable   N/A       N/A         3
 Spider Form              Tmut/Pois      Unusable   N/A       N/A         3
 Cause Fear               Hex            Unusable   N/A       N/A         4
 Summon Lightning Spire   Summ/Air       Unusable   N/A       N/A         4
 Death Channel            Necr           Unusable   N/A       N/A         6
 Dragon's Call            Summ           Unusable   N/A       N/A         9

Dungeon Overview and Level Annotations

Branches:
Dungeon (15/15)            Temple (1/1) D:4            Lair (6/6) D:10
 Shoals (4/4) Lair:3       Spider (4/4) Lair:2        Slime (0/5) Lair:6
    Orc (2/2) D:9             Elf (2/3) Orc:2        Vaults (5/5) D:14
  Crypt (0/3) Vaults:2     Depths (4/4) D:15            Zot (0/5) Depths:4
  Sewer (visited)         Ossuary (visited)           IceCv (visited)
Desolation (visited)      Gauntlet (visited)

Altars:
Ashenzari
Cheibriados
Dithmenos
Elyvilon
Fedhas
Gozag
Hepliaklqana
Kikubaaqudgha
Makhleb
Nemelex Xobeh
Okawaru
Qazlal
Ru
Sif Muna
Trog
Uskayaw
Vehumet
Wu Jian
Xom
Yredelemnul
Zin
The Shining One
Beogh

Shops:
D:4 :   D:6 ((!*   D:12 (   D:14 !   Orc:1 [   Orc:2 *?*=   Elf:1 (   Elf:2 =
Shoals:1 (   Shoals:2 [   Shoals:4 !   Vaults:1 *   Vaults:4 [   Depths:2 [
Depths:4 [(

Portals:
Hell: Depths:1 Depths:2 Depths:3 Depths:4
Abyss: Depths:2 Depths:3
Pandemonium: Depths:2 Depths:3 Depths:4
Ziggurat: Depths:2

Annotations:
Lair:6 exclusion: obsidian statue
Shoals:2 Roxanne
Shoals:3 Mara
Elf:1 6 runed translucent doors (dragons)
Elf:2 3 runed translucent doors
Depths:3 exclusions: juggernaut and stone giant


Innate Abilities, Weirdness & Mutations

You have sharp claws.
You have razor-sharp teeth.
You have supernaturally acute eyesight. (SInv)
You cover ground quickly. (Speed+)
Your magical capacity is low. (-10% MP)
Your thick and shaggy fur keeps you warm. (AC +3, rC+)
You cannot study or use magical devices.
You are hated by all.
Your cowardice makes you less effective in combat with threatening foes.
You cannot study or cast Hexes magic.
You cannot study or cast Poison magic.
You cannot study or cast Translocations magic.
Your paws help you pounce on unaware monsters.
You are missing an eye, making it more difficult to aim.
You are incapable of wielding weapons or throwing items.
You cannot wear armour.
You gain extra lives every three experience levels.


Message History

The lich conjures a glowing orb.
An ettin comes into view.
It is wielding a +0 dire flail and a +0 great mace.
Monsters!
Monsters everywhere!
You have to get out of here!
An orb of destruction comes into view.
Unknown command.
Unknown command.
Unknown command.
Casting: Ozocubu's Refrigeration (dangerous; 1% risk of failure)
Confirm with . or Enter, or press ? or * to list all spells.
You feel a surge of power!
The heat is drained from your surroundings.
You feel very cold.
The ettin, the lich, the titan, Frederick and the frost giant are frozen.
The ettin is moderately wounded.
The lich resists.
The lich is moderately damaged.
The titan is moderately wounded.
You kill Frederick!
The frost giant resists.
The frost giant is heavily wounded.
A titan comes into view.
The titan begins to cast a spell, but is stunned by your conviction!
Unknown command.
Unknown command.
Unknown command.
As you read the scroll of teleportation, it crumbles to dust.
You feel strangely unstable.
A stone giant comes into view. x2
You redirect the lich's attack!
The lich conjures a glowing orb.
Monsters!
Monsters everywhere!
You have to get out of here!
An orb of destruction comes into view.
There is a stone staircase leading up here.
You redirect the lich's attack!
The orb of destruction hits you!!!!
Ouch! That really hurt!
* * * LOW HITPOINT WARNING * * *
The stone giant shouts!
You hear a deafening roar!
The titan casts a spell at you. The bolt of lightning hits you!!!
You die...

#.# ...# ..#....#
##.#.#....# #.
....#....##.).
.#.#......#.#
....)C.C...
#######..))))C)###
.....C.@).°L○)....
.....*.).○<<..)...
.....○)).<..<.))..
......○°..°°..)...
#######.○°...)C###
#.....)))).....
.....#.)).#....
......#....# ...
.....##....# ..


You could see 2 titans, 2 stone giants, a lich and an ettin.

Vanquished Creatures
  Sojobo (Depths:3)
  Frederick (Vaults:5)
  A caustic shrike (Depths:2)
  the Enchantress (Depths:3)
  A walking crystal tome (Depths:2)
  A tentacled monstrosity (Depths:4)
  Jorgrun (Shoals:3)
  2 quicksilver dragons
  A walking earthen tome (Depths:2)
  2 titans (Depths:2)
  Polyphemus (Shoals:2)
  4 sphinxes
  A walking frostbound tome (Depths:3)
  An ancient champion (Depths:2)
  2 shadow dragons
  Kirke (D:12)
  2 storm dragons
  Donald (Spider:4)
  5 tengu reavers
  2 iron dragons
  6 fire giants
  5 frost giants
  4 orc warlords
  2 emperor scorpions (Spider:4)
  Louise (Spider:4)
  4 imperial myrmidons (Desolation)
  12 vault wardens
  A deep elf sorcerer (Elf:2)
  Aizul (Spider:2)
  2 balrugs
  3 ghost moths
  2 draconian scorchers (Depths:4)
  4 spriggan defenders (Depths:3)
  26 very ugly things
  11 ironbound preservers
  4 war gargoyles
  9 ironbound thunderhulks
  4 vampire knights
  7 stone giants
  2 green draconians (Depths:4)
  5 deep elf demonologists
  4 entropy weavers
  2 deep elf annihilators
  A white draconian (Depths:4)
  A red draconian (Depths:4)
  6 spark wasps
  9 dire elephants
  A black draconian (Depths:4)
  A yellow draconian (Depths:4)
  A minotaur (Gauntlet)
  A blizzard demon (Depths:2)
  4 crystal guardians
  7 ettins
  5 jiangshi
  2 deep elf high priests
  4 merfolk javelineers (Shoals:4)
  3 fire dragons
  8 merfolk impalers
  A quicksilver dragon zombie (Abyss:2)
  5 servants of whispers (Desolation)
  11 ragged hierophants (Desolation)
  2 boulder beetles
  4 great orbs of eyes
  Harold (D:8)
  4 yaktaur captains
  2 hell beasts
  6 hydras
  5 ice dragons
  2 ogre magi
  37 vault guards
  7 spriggan air magi
  A rakshasa (Depths:2)
  4 catoblepae
  11 peacekeepers
  13 ironbound frosthearts
  13 centaur warriors
  2 merfolk avatars
  The ghost of Ibis19 the Cleaver, a novice MiBe of Trog (Orc:1)
  A merfolk aquamancer (Shoals:4)
  8 two-headed ogres
  2 tengu warriors (D:14)
  3 alligator snapping turtles
  2 satyrs
  A death knight (D:11)
  8 dancing weapons
  4 deep troll shamans
  2 hell hogs
  2 titan zombies
  11 death yaks
  Urug (Lair:1)
  6 deep troll earth magi
  3 orc high priests (Orc:2)
  5 spriggan berserkers
  2 vampire magi
  6 hell knights
  2 soul eaters
  2 thrashing horrors (Abyss:2)
  4 sun demons
  7 deep elf knights
  7 skeletal warriors
  Sonja (Orc:1)
  4 sixfirhies
  A wretched star (Abyss:2)
  2 spark wasp zombies (D:15)
  2 iron trolls
  A spectral anaconda (Lair:6)
  The ghost of yoda5477 the Cleaver, a novice DsFi of Wu Jian (D:7)
  5 glowing orange brains
  10 deep elf archers
  A swamp dragon (shapeshifter) (Elf:1)
  A flayed ghost (D:15)
  36 deep trolls
  10 sea snakes
  12 lindwurms
  A spriggan simulacrum (Depths:3)
  2 phantasmal warriors (Depths:3)
  A kraken simulacrum (Shoals:4)
  20 wizards
  Pikel (D:8)
  14 harpies
  17 ironbound convokers
  10 orc knights
  13 necromancers
  10 orb spiders
  17 deep elf zephyrmancers
  24 deep elf pyromancers
  25 wolf spiders
  15 manticores
  2 human zombies
  51 ugly things
  A salamander (Depths:3)
  A fire giant zombie (Vaults:2)
  An oklob plant (Gauntlet)
  8 fauns
  9 orc sorcerers
  6 merfolk sirens
  36 elephants
  An iron dragon skeleton (Depths:3)
  12 cyclopes
  A moth of wrath (Spider:4)
  21 vault sentinels
  Maurice (D:9)
  6 water nymphs
  2 frost giant skeletons (Vaults:1)
  3 guardian serpents (Desolation)
  A dire elephant zombie (Abyss:2)
  6 black mambas
  3 molten gargoyles (Desolation)
  An orange demon (Depths:2)
  An unseen horror (shapeshifter) (D:15)
  A dire elephant skeleton (Lair:6)
  10 cane toads
  A yaktaur zombie (Vaults:1)
  10 rime drakes
  4 gargoyles (D:12)
  Maggie (Lair:1)
  An elf skeleton (Vaults:3)
  2 spriggan zombies (D:15)
  7 komodo dragons
  A kobold demonologist (Abyss:2)
  A tengu conjurer (Depths:3)
  2 freezing wraiths
  2 unseen horrors
  18 demonic crawlers
  3 trolls
  An ice devil (Gauntlet)
  3 human skeletons
  4 yaktaurs
  A red devil (Depths:2)
  2 hellwings (Depths:3)
  A wolf spider simulacrum (D:14)
  5 meliai
  31 jumping spiders
  Prince Ribbit (Lair:2)
  16 hornets
  2 polar bears (Lair:6)
  20 merfolk
  3 raiju (Abyss:2)
  6 wind drakes
  52 saltlings
  34 slime creatures
  5 snapping turtles
  A dream sheep (shapeshifter) (Depths:1)
  An elf zombie (Vaults:3)
  2 spectral elephants (Lair:6)
  6 dream sheep
  24 blink frogs
  A human simulacrum (Vaults:3)
  A centaur simulacrum (D:15)
  5 flying skulls (Gauntlet)
  2 wraiths
  6 ynoxinuls
  Sigmund (D:5)
  3 air elementals
  72 redbacks
  12 water elementals
  A tarantella (shapeshifter) (Elf:1)
  27 tarantellas
  4 small abominations (Abyss:2)
  6 fire elementals
  7 spriggans
  A vampire (D:11)
  20 humans
  39 yaks
  6 wyverns
  7 basilisks
  4 fire bats (Gauntlet)
  2 hogs (D:12)
  11 steam dragons
  3 chaos spawn
  12 vampire mosquitoes
  Menkaure (D:3)
  2 death yak simulacra
  3 spectral cane toads (Lair:6)
  14 water moccasins
  3 large abominations (Abyss:2)
  4 wargs
  4 acid dragons
  2 floating eyes (Depths:2)
  A hell hound (Gauntlet)
  2 sky beasts (D:7)
  2 ice beasts
  46 orc warriors
  A hornet zombie (D:8)
  A meliai simulacrum (D:14)
  5 black bears
  16 ogres
  2 elephant zombies (Lair:6)
  16 wolves
  5 centaurs
  A phantom (D:6)
  4 lemures (D:8)
  4 kobold brigands
  12 bullfrogs
  2 scorpions
  4 earth elementals
  2 gnoll sergeants
  A scorpion (shapeshifter) (Gauntlet)
  A cane toad simulacrum (Lair:6)
  A water moccasin skeleton (D:5)
  2 elephant simulacra
  6 killer bees (D:10)
  5 wights (D:8)
  A howler monkey (D:10)
  2 electric eels (Spider:1)
  A bullfrog zombie (D:7)
  4 centaur zombies
  2 hounds
  A centaur skeleton (D:6)
  26 orc priests
  3 jellies (Lair:6)
  A bullfrog skeleton (D:6)
  4 iron imps (Abyss:2)
  2 gnoll shamans
  4 iguanas
  26 orc wizards
  2 polar bear simulacra (D:12)
  2 troll simulacra (D:12)
  2 wolf simulacra
  A mummy (Ossuary)
  A howler monkey zombie (D:3)
  14 gnolls
  13 adders
  3 river rats (Sewer)
  7 white imps
  3 ufetubi
  2 adder skeletons
  2 worms
  4 dart slugs
  71 orcs
  14 ball pythons
  15 endoplasms
  4 giant cockroaches
  5 goblins
  4 hobgoblins
  7 jackals
  5 quokkas
  6 bats
  9 frilled lizards
  7 gnoll skeletons (Ossuary)
  23 kobolds
  9 kobold skeletons (Ossuary)
  9 orc skeletons (Ossuary)
  A quokka skeleton (D:3)
  5 rats
  A tentacle (Shoals:4)
1900 creatures vanquished.

Vanquished Creatures (others)
  A vault warden (Vaults:1)
  A fire giant (Depths:2)
  A spark wasp (Depths:2)
  A merfolk javelineer (Shoals:3)
  A servant of whispers (Desolation)
  A centaur warrior (D:14)
  A spriggan berserker (Depths:2)
  A thrashing horror (Abyss:2)
  A deep elf knight (Elf:1)
  A spectral dire elephant (Lair:6)
  A spriggan (Depths:2)
  A sea snake (Shoals:4)
  An ironbound convoker (Vaults:2)
  2 harpies
  A wolf spider (Spider:3)
  A deep elf zephyrmancer (Elf:1)
  An ugly thing (D:15)
  A cyclops (Shoals:3)
  A faun (Shoals:2)
  An elephant (Lair:5)
  A cane toad (Lair:3)
  2 yaktaurs (Vaults:4)
  A demonic crawler (Spider:3)
  A meliai (D:15)
  2 large abominations (Abyss:2)
  A hornet (Depths:2)
  2 saltlings (Desolation)
  A slime creature (D:14)
  A snapping turtle (Shoals:4)
  2 water elementals (Depths:3)
  A tarantella (Spider:4)
  A steam dragon (Lair:2)
  8 hydra simulacra (Depths:3)
  2 orc warriors
  A two-headed ogre simulacrum (D:12)
  An orc priest (Orc:1)
  2 polar bear simulacra
  A wolf simulacrum (IceCv)
  An orc (Orc:1)
  141 fungi
  A lurking horror (Abyss:2)
  247 plants
  7 tentacles (Shoals:4)
  33 withered plants
482 creatures vanquished.

Grand Total: 2382 creatures vanquished

Notes
Turn   | Place    | Note
-------+----------+-------------------------------------------
     0 | D:1      | tilp the Felid Ice Elementalist began the quest for the
                  | Orb.
     0 | D:1      | Reached XP level 1. HP: 7/7 MP: 4/4
   194 | D:1      | Reached skill level 1 in Unarmed Combat
   307 | D:1      | Reached XP level 2. HP: 11/11 MP: 6/6
  1726 | D:2      | Reached XP level 3. HP: 5/14 MP: 3/7
  1730 | D:2      | Learned a level 3 spell: Frozen Ramparts
  2323 | D:2      | Reached XP level 4. HP: 15/18 MP: 3/8
  2498 | D:2      | Learned a level 3 spell: Ozocubu's Armour
  2528 | D:2      | Found a faded altar of an unknown god.
  3187 | D:3      | Reached XP level 5. HP: 21/21 MP: 5/10
  3296 | D:3      | Reached skill level 5 in Ice Magic
  3759 | D:3      | Found a transporter.
  3767 | D:3      | Found a transporter.
  3858 | D:3      | Found an ancient bone altar of Kikubaaqudgha.
  3858 | D:3      | Found a basalt altar of Yredelemnul.
  3859 | D:3      | Noticed Menkaure
  4612 | D:4      | Found a staircase to the Ecumenical Temple.
  4631 | Temple   | Entered the Ecumenical Temple
  4832 | Temple   | Became a worshipper of Ru the Awakened
  5177 | D:4      | Gained mutation: You are covered in thick fur. (AC +2)
                  | [Felid growth]
  5177 | D:4      | Reached XP level 6. HP: 20/24 MP: 6/11
  5367 | D:4      | Found Plog's Book Shop.
  5956 | D:5      | Entered Level 5 of the Dungeon
  6030 | D:5      | Reached skill level 1 in Fighting
  6098 | D:5      | Noticed Sigmund
  6254 | D:5      | Found a sand-covered staircase.
  6319 | Ossuary  | Entered an ossuary
  6319 | Ossuary  | Noticed a wraith
  6319 | Ossuary  | Noticed a wraith
  6319 | Ossuary  | Noticed a wraith
  6398 | Ossuary  | Reached XP level 7. HP: 29/29 MP: 8/12
  6551 | Ossuary  | Learned a level 4 spell: Hailstorm
  6565 | Ossuary  | Gained mutation: You cannot study or use magical devices.
                  | [Ru sacrifice]
  6565 | Ossuary  | Reached * piety under Ru
  6565 | Ossuary  | Reached ** piety under Ru
  6630 | Ossuary  | Noticed a wraith
  7124 | D:5      | Found a blossoming altar of Fedhas.
  7375 | D:5      | Found a shadowy altar of Dithmenos.
  7376 | D:5      | Found an iron altar of Okawaru.
  7649 | D:6      | Found Bali's General Store.
  7664 | D:6      | Reached skill level 5 in Stealth
  7667 | D:6      | Bought a potion of curing for 36 gold pieces
  7667 | D:6      | Bought a potion of heal wounds for 60 gold pieces
  7744 | D:6      | Found Deatou Affin's Weapon Boutique.
  7872 | D:6      | Found Xelith's Distillery.
  8218 | D:6      | Reached skill level 1 in Conjurations
  8270 | D:6      | Found a glowing drain.
  8291 | Sewer    | Entered a sewer
  8722 | Sewer    | Reached XP level 8. HP: 33/33 MP: 7/13
  9580 | D:6      | Found Geigot's Antique Weapon Emporium.
 10497 | D:7      | Gained mutation: Your magical capacity is low. (-10% MP)
                  | [Ru sacrifice]
 10497 | D:7      | Reached *** piety under Ru
 10676 | D:7      | Found a runed translucent door.
 11096 | D:7      | Reached XP level 9. HP: 36/36 MP: 4/15
 11231 | D:7      | Noticed a two-headed ogre
 11237 | D:7      | Reached skill level 5 in Conjurations
 11264 | D:7      | Killed a two-headed ogre
 11265 | D:7      | Reached skill level 5 in Spellcasting
 11484 | D:7      | Noticed yoda5477's ghost (novice DsFi)
 11666 | D:7      | Found Geyjoe's Armour Boutique.
 12057 | D:8      | Found a large runed translucent door.
 12058 | D:8      | Found a large runed translucent door.
 12088 | D:8      | Noticed a two-headed ogre
 12158 | D:8      | Killed a two-headed ogre
 12484 | D:8      | Noticed Harold
 12684 | D:8      | Noticed Pikel
 12860 | D:8      | Reached XP level 10. HP: 37/40 MP: 4/16
 13139 | D:8      | Killed Pikel
 13412 | D:8      | Reached skill level 5 in Unarmed Combat
 13714 | D:9      | Noticed Maurice
 13729 | D:9      | Killed Maurice
 13730 | D:9      | Reached skill level 5 in Dodging
 14099 | D:9      | Gained mutation: Your cowardice makes you less effective in
                  | combat with threatening foes. [Ru sacrifice]
 14099 | D:9      | Reached **** piety under Ru
 14642 | D:9      | Found a staircase to the Orcish Mines.
 15395 | D:9      | Found a shimmering blue altar of Sif Muna.
 15415 | D:9      | Got Sif Muna's Tome of Weightlessness
 15424 | D:9      | Learned a level 1 spell: Shock
 16111 | D:10     | Entered Level 10 of the Dungeon
 16112 | D:10     | Upgraded the game from 0.28-a0-1152-g9c71ebef14 to
                  | 0.28-a0-1159-g27aa881441
 16225 | D:10     | Reached XP level 11. HP: 46/46 MP: 3/18
 16308 | D:10     | Noticed a two-headed ogre
 16383 | D:10     | Killed a two-headed ogre
 16634 | D:10     | Noticed an ogre mage
 16810 | D:10     | Found a staircase to the Lair.
 16831 | D:10     | Noticed a centaur warrior
 16846 | D:10     | Killed a centaur warrior
 16865 | D:10     | Found a broken altar of Ashenzari.
 17290 | D:10     | Found an opulent altar of Gozag.
 17290 | D:10     | Found a sparkling altar of Nemelex Xobeh.
 17342 | D:10     | Killed an ogre mage
 17818 | D:11     | Gained mutation: You are hated by all. [Ru sacrifice]
 17818 | D:11     | Reached ***** piety under Ru
 17980 | D:11     | Noticed a death knight
 18154 | D:11     | Noticed a two-headed ogre
 18580 | D:11     | Killed a two-headed ogre
 19105 | D:3      | Killed Menkaure
 19445 | D:5      | Killed Sigmund
 19658 | Lair:1   | Entered Level 1 of the Lair of Beasts
 19833 | Lair:1   | Reached skill level 10 in Conjurations
 19839 | Lair:1   | Reached skill level 10 in Ice Magic
 20113 | Lair:1   | Noticed Urug
 20119 | Lair:1   | Killed Urug
 20261 | Lair:1   | Noticed Maggie
 20278 | Lair:1   | Killed Maggie
 20393 | Lair:1   | Gained mutation: Your thick and shaggy fur keeps you warm.
                  | (AC +3, rC+) [Felid growth]
 20393 | Lair:1   | Reached XP level 12. HP: 30/50 MP: 9/19
 21193 | Lair:2   | Found a hole to the Spider Nest.
 21200 | Lair:2   | Reached skill level 5 in Fighting
 21595 | Lair:2   | Noticed Prince Ribbit
 21608 | Lair:2   | Killed Prince Ribbit
 21631 | Lair:2   | Gained mutation: You cannot study or cast Poison magic. [Ru
                  | sacrifice]
 21631 | Lair:2   | Gained mutation: You cannot study or cast Hexes magic. [Ru
                  | sacrifice]
 21631 | Lair:2   | Gained mutation: You cannot study or cast Translocations
                  | magic. [Ru sacrifice]
 22048 | Lair:2   | Reached skill level 10 in Stealth
 23928 | Lair:3   | Noticed a six-headed hydra
 23944 | Lair:3   | Killed a six-headed hydra
 24290 | Lair:3   | Reached XP level 13. HP: 52/54 MP: 4/22
 24973 | Lair:3   | Found a staircase to the Shoals.
 25310 | Lair:3   | Gained mutation: You are missing an eye, making it more
                  | difficult to aim. [Ru sacrifice]
 25310 | Lair:3   | Reached ****** piety under Ru
 25976 | Lair:4   | Found a gate leading to a gauntlet.
 26025 | Gauntlet | Entered a Gauntlet
 26025 | Gauntlet | Found a transporter.
 26175 | Gauntlet | Found a runed translucent door.
 26178 | Gauntlet | Found a transporter.
 26179 | Gauntlet | Found a transporter.
 26180 | Gauntlet | Found a transporter.
 26188 | Gauntlet | Found a transporter.
 26191 | Gauntlet | Found a transporter.
 26192 | Gauntlet | Found a transporter.
 26199 | Gauntlet | Found a runed translucent gate.
 26199 | Gauntlet | Found a runed translucent gate.
 26201 | Gauntlet | Found a transporter.
 26204 | Gauntlet | Found a transporter.
 26205 | Gauntlet | Found a transporter.
 26213 | Gauntlet | Found a runed translucent gate.
 26217 | Gauntlet | Found a transporter.
 26217 | Gauntlet | Found a transporter.
 26218 | Gauntlet | Found a transporter.
 26225 | Gauntlet | Noticed a bunyip
 26225 | Gauntlet | a swamp worm changed into a bunyip
 26226 | Gauntlet | Found a transporter.
 26364 | Gauntlet | Noticed a fire dragon
 26364 | Gauntlet | a slime creature changed into a fire dragon
 26365 | Gauntlet | a fire dragon changed into a slime creature
 26934 | Gauntlet | Noticed a fire dragon
 26938 | Gauntlet | Noticed an azure jelly
 26943 | Gauntlet | Identified the +4 broad axe of Karma {venom, Will+ Int+2
                  | Dex-2}
 27045 | Gauntlet | Identified the +5 flail of the Two Names {flame, rPois
                  | Int-3 Dex+6}
 27045 | Gauntlet | Identified the +3 ring mail "Nisiz" {SInv Stlth+}
 27045 | Gauntlet | Noticed a minotaur
 27046 | Gauntlet | Killed a minotaur
 27058 | Gauntlet | Identified the +0 ring mail of the Moon Troll {rPois}
 27066 | Gauntlet | Got the Disquisition on the Birds and Envenoming
 27933 | Lair:4   | Identified the +1 chain mail of Mogiurua {Int+3 Dex+5}
 29113 | Lair:5   | Found a snail-covered altar of Cheibriados.
 29591 | Lair:5   | Noticed a dire elephant
 29662 | Lair:5   | Killed a dire elephant
 29669 | Lair:5   | Reached XP level 14. HP: 55/60 MP: 1/25
 30368 | Lair:6   | Entered Level 6 of the Lair of Beasts
 31818 | Lair:6   | Found a staircase to the Slime Pits.
 32608 | D:7      | Killed yoda5477's ghost
 32808 | D:8      | Killed Harold
 32924 | D:8      | Found an ornate altar of the Wu Jian Council.
 32936 | D:8      | Found a shimmering altar of Xom.
 33505 | Orc:1    | Entered Level 1 of the Orcish Mines
 33505 | Orc:1    | Noticed an orc warlord
 33509 | Orc:1    | Killed an orc warlord
 33510 | Orc:1    | Reached skill level 10 in Spellcasting
 33581 | Orc:1    | Noticed Sonja
 33716 | Orc:1    | Killed Sonja
 34832 | Orc:1    | Found Xaecw's Armour Shop.
 34861 | Orc:1    | Found a runed translucent gate.
 34862 | Orc:1    | Found a runed translucent gate.
 34863 | Orc:1    | Found a runed translucent gate.
 34864 | Orc:1    | Noticed Ibis19's ghost (novice MiBe)
 34865 | Orc:1    | Identified the +10 chain mail of Lappais {Fly Will+ Int+2}
 34865 | Orc:1    | Noticed an orc warlord
 35184 | Orc:2    | Entered Level 2 of the Orcish Mines
 35189 | Orc:2    | Found a staircase to the Elven Halls.
 35903 | Orc:2    | Noticed an orc warlord
 35908 | Orc:2    | Killed an orc warlord
 36125 | Orc:2    | Noticed an orc warlord
 36136 | Orc:2    | HP: 1/44 [troll[an orc warlord] (8)]
 36137 | Orc:2    | Killed from afar by an orc priest
 36138 | Orc:2    | Reached XP level 13. HP: -9/39 MP: 15/25
 36158 | Orc:2    | Killed an orc warlord
 36159 | Orc:2    | Reached XP level 14. HP: 51/60 MP: 17/26
 36308 | Orc:2    | Identified the +3 scimitar of the Peculiar Thickets {drain,
                  | +Blink rN+}
 36309 | Orc:2    | Identified the amulet "Eloygos" {Faith Str+2}
 36353 | Orc:2    | Identified the +3 dagger of Xyn Raq {venom, rPois}
 36698 | Orc:2    | Found Cecac's Jewellery Shoppe.
 37588 | Orc:2    | Found Careyp's General Store.
 37589 | Orc:2    | Found Osuawn's Magic Scroll Boutique.
 37589 | Orc:2    | Found Plog's General Store.
 37620 | Orc:2    | Bought a scroll of teleportation for 39 gold pieces
 37620 | Orc:2    | Bought a potion of heal wounds for 65 gold pieces
 37622 | Orc:2    | Bought a scroll of blinking for 127 gold pieces
 37630 | Orc:2    | Bought a scroll of teleportation for 42 gold pieces
 37630 | Orc:2    | Bought a scroll of fear for 49 gold pieces
 37630 | Orc:2    | Bought a scroll of teleportation for 42 gold pieces
 37632 | Orc:2    | Bought the ring of Husyix {Drain rPois rF++} for 583 gold
                  | pieces
 37800 | D:6      | Bought a potion of curing for 30 gold pieces
 37800 | D:6      | Bought a potion of heal wounds for 50 gold pieces
 37800 | D:6      | Bought a potion of lignification for 30 gold pieces
 37883 | D:4      | Bought a manual of Dodging for 800 gold pieces
 38102 | D:12     | Found a frozen archway.
 38141 | D:12     | Noticed Kirke
 38153 | D:12     | Killed Kirke
 38349 | IceCv    | Entered an ice cave
 38350 | IceCv    | Found a transporter.
 38432 | IceCv    | Found a transporter.
 38441 | IceCv    | Identified the ring "Igaeshoa" {Ice Str-4 Dex+6}
 39054 | D:12     | Found Pinuasch's Weapon Shop.
 40978 | Orc:1    | Killed an orc warlord
 41117 | Orc:1    | Killed Ibis19's ghost
 41118 | Orc:1    | Reached skill level 15 in Ice Magic
 41384 | D:13     | Found an opulent altar of Gozag.
 41418 | D:13     | Reached skill level 15 in Conjurations
 42267 | D:13     | Identified the +1 scale mail of Reason {rPois rC- Int+4}
 42491 | D:14     | Found Wadit's Distillery.
 43658 | D:14     | Reached XP level 15. HP: 62/64 MP: 13/27
 44022 | D:14     | Found a gate to the Vaults.
 44051 | D:14     | Reached skill level 10 in Dodging
 45174 | D:15     | Entered Level 15 of the Dungeon
 45250 | D:15     | Found a staircase to the Depths.
 46100 | D:15     | Learned a level 3 spell: Stone Arrow
 46446 | D:15     | Reached skill level 10 in Unarmed Combat
 48983 | Elf:1    | Entered Level 1 of the Elven Halls
 49507 | Spider:1 | Entered Level 1 of the Spider Nest
 49935 | Spider:1 | Reached skill level 1 in Earth Magic
 50594 | Spider:1 | Reached skill level 15 in Dodging
 51796 | Spider:2 | Reached XP level 16. HP: 66/70 MP: 6/28
 51924 | Spider:2 | Identified a scroll of acquirement
 52568 | Spider:2 | Noticed Aizul
 52575 | Spider:2 | Killed Aizul
 53632 | Spider:2 | Learned a level 6 spell: Iron Shot
 53687 | Spider:2 | Identified the +4 dagger of Inquiry {drain, Dex+4}
 56040 | Spider:4 | Entered Level 4 of the Spider Nest
 56449 | Spider:4 | Noticed Louise
 56499 | Spider:4 | Killed Louise
 57083 | Spider:4 | Noticed Donald
 57408 | Spider:4 | Killed Donald
 57409 | Spider:4 | Reached skill level 10 in Fighting
 61551 | Spider:4 | Got a gossamer rune of Zot
 61776 | Shoals:1 | Entered Level 1 of the Shoals
 62476 | Shoals:1 | Reached XP level 17. HP: 74/75 MP: 20/28
 63175 | Shoals:1 | Learned a level 7 spell: Ozocubu's Refrigeration
 63450 | Shoals:1 | Found Geqaib's Weapon Boutique.
 65037 | Shoals:2 | Identified Roxanne's Collected Works on Transmutation
 65037 | Shoals:2 | Noticed Roxanne
 66254 | Shoals:2 | Found Inkyut's Armour Shop.
 66450 | Shoals:2 | Noticed Polyphemus
 66455 | Shoals:2 | Killed Polyphemus
 66456 | Shoals:2 | Reached skill level 5 in Earth Magic
 67825 | Shoals:3 | Noticed Jorgrun
 67844 | Shoals:3 | Killed Jorgrun
 68809 | Shoals:3 | Noticed Mara
 68970 | Shoals:4 | Entered Level 4 of the Shoals
 71031 | Shoals:4 | Identified the ring of Xom's Whimsicality {+Blink Dex+6}
 71107 | Shoals:4 | Found Biluulez's Distillery.
 71327 | Shoals:4 | Bought a potion of heal wounds for 50 gold pieces
 72111 | Shoals:4 | Got a barnacled rune of Zot
 72512 | Shoals:4 | Found an opulent altar of Gozag.
 73518 | Elf:1    | Identified the amulet of Nalaep {Reflect rPois rN+ Int-4
                  | SH+5}
 73750 | Elf:1    | Reached XP level 18. HP: 80/84 MP: 19/29
 75554 | Elf:1    | Paralysed by an air elemental for 1 turns
 75559 | Elf:1    | Paralysed by an air elemental for 1 turns
 75565 | Elf:1    | Noticed a Hell Sentinel
 76034 | Elf:1    | Found Sicwoipn's Antique Weapon Shoppe.
 76050 | Elf:1    | Identified the +12 hand axe "Leant" {vamp, rF+ SInv}
 76066 | Elf:1    | Cast into level 2 of the Abyss (a deep elf demonologist)
 76066 | Abyss:2  | Found a corrupted altar of Lugonu.
 76453 | Abyss:2  | Found a shimmering altar of Xom.
 76477 | Abyss:2  | Found a corrupted altar of Lugonu.
 77182 | Abyss:2  | Found a corrupted altar of Lugonu.
 77513 | Elf:1    | Escaped the Abyss
 77514 | Elf:1    | Noticed a Hell Sentinel
 77995 | Elf:1    | Found a runed translucent gate.
 77995 | Elf:1    | Found a runed translucent gate.
 77995 | Elf:1    | Found a runed translucent gate.
 77995 | Elf:1    | Found a runed translucent gate.
 77995 | Elf:1    | Found a runed translucent gate.
 77997 | Elf:1    | Found a runed translucent gate.
 80362 | Depths:1 | Entered Level 1 of the Depths
 80997 | Depths:1 | Found a hide-covered altar of Uskayaw.
 81978 | Depths:1 | Learned a level 7 spell: Orb of Destruction
 82091 | Depths:1 | Found a gateway to Hell.
 82702 | Depths:2 | Upgraded the game from 0.28-a0-1159-g27aa881441 to
                  | 0.28-a0-1174-g766a6a42ef
 83135 | Depths:2 | Found a one-way gate leading to the halls of Pandemonium.
 83525 | Depths:2 | Found Jiqa's Antique Armour Shop.
 83986 | Depths:2 | Reached XP level 19. HP: 81/83 MP: 16/30
 86279 | Depths:1 | HP: 3/81 [spriggan berserker (38)]
 86549 | Depths:2 | Identified the +0 spear "Uryese" {vorpal, Fragile rF+++
                  | Int+3}
 86981 | Depths:2 | Found a one-way gateway to a ziggurat.
 87552 | Depths:2 | Noticed a caustic shrike
 88663 | Depths:2 | Identified the amulet of Kecy {Faith rN+ SInv}
 91425 | Depths:2 | Found a one-way gate to the infinite horrors of the Abyss.
 92309 | Depths:2 | Glimpsed the power of Zot.
 92546 | Depths:2 | Slain by a caustic shrike
 92547 | Depths:2 | Reached XP level 18. HP: -4/79 MP: 2/29
 92815 | Depths:3 | Identified the +6 chain mail of Feituam {*Corrode rC+++ rN+
                  | Will+}
 93500 | Depths:3 | Noticed Sojobo
 94070 | Depths:2 | Killed a caustic shrike
 94650 | Depths:3 | Killed Sojobo
 95033 | Depths:3 | Acquired 797 gold pieces
 95035 | Depths:3 | Acquired the amulet "Gexkosas" {RegenMP rPois Regen+ rCorr
                  | Dex-3}
 95278 | Depths:3 | Noticed a juggernaut
 96290 | Depths:3 | Reached XP level 19. HP: 89/89 MP: 18/30
 97199 | Depths:3 | Noticed the Enchantress
 97210 | Depths:3 | Killed the Enchantress
 97654 | Depths:4 | Entered Level 4 of the Depths
 97816 | Depths:4 | Found Apeck's Antique Weapon Shop.
 97816 | Depths:4 | Found Virergh's Antique Armour Boutique.
100512 | Depths:4 | Found a gate to the Realm of Zot.
100779 | Depths:4 | Reached skill level 15 in Stealth
101422 | Elf:2    | HP: 4/84 [deep elf knight[a deep elf high priest] (20)]
101422 | Elf:2    | Slain by a +3 mace of draining
101423 | Elf:2    | Reached XP level 18. HP: -1/80 MP: 5/29
101429 | Elf:2    | Found a runed translucent gate.
101429 | Elf:2    | Found a runed translucent gate.
101430 | Elf:2    | Found a runed translucent gate.
101934 | Elf:2    | Reached skill level 15 in Fighting
101995 | Elf:2    | Acquired 831 gold pieces
102033 | Elf:2    | Found Qekeegai's Jewellery Boutique.
102381 | Vaults:1 | Entered Level 1 of the Vaults
103340 | Vaults:1 | Reached XP level 19. HP: 92/92 MP: 18/30
104190 | D:14     | Acquired a manual of Ice Magic
105310 | Vaults:1 | Found Miwket's General Store.
105318 | Vaults:1 | Bought a potion of cancellation for 160 gold pieces
106094 | Vaults:2 | Found a crumbling gateway.
106124 | Desolati | Entered the Desolation of Salt
106449 | Desolati | Reached skill level 15 in Unarmed Combat
106844 | Desolati | Found the +15 Maxwell's patent armour {-Cast -Tele rElec
                  | Will+ rCorr}
106852 | Desolati | Identified the +8 bardiche "Weage" {speed, Contam rElec
                  | Str+5}
107037 | Desolati | Found the amulet of the Air {Inacc Air Fly rElec RMsl}
107598 | Desolati | Found the +6 arbalest "Damnation" {damnation}
107762 | Desolati | Identified the amulet of the Wary Priests {Faith Drain
                  | rElec rC- MP+9}
109128 | Vaults:2 | Identified the +3 leather armour of Posul {rC+ Int+4 Dex+5}
109319 | Vaults:2 | Reached XP level 20. HP: 102/102 MP: 31/31
109616 | Vaults:2 | Found a staircase to the Crypt.
109616 | Vaults:2 | Found an ancient bone altar of Kikubaaqudgha.
113313 | Vaults:3 | You fall into a shaft and drop 1 floor!
114628 | Vaults:4 | Killed from afar by a war gargoyle
114629 | Vaults:4 | Reached XP level 19. HP: -5/94 MP: 17/30
115595 | Vaults:4 | Found Suxucaaz's Armour Shop.
116226 | Vaults:4 | Reached XP level 20. HP: 102/102 MP: 17/31
117318 | Vaults:5 | Entered Level 5 of the Vaults
117318 | Vaults:5 | Noticed Frederick
117324 | Vaults:5 | Killed Frederick
117328 | Vaults:5 | Killed from afar by a titan

Illustrated notes

Levels and vault maps discovered:
D:1:      lightli_molten_gateway, layout_loops_ring, hangedman_decor_slide_cut
D:2:      layout_loops_cross, serial_rivers, chequers_serial_rivers_room_a,
          chequers_serial_rivers_micro_e, chequers_serial_rivers_large_a,
          chequers_serial_rivers_micro_c, ebering_ecumenical_altar_mist
D:3:      layout_basic, gammafunk_temple_of_torment
D:4:      layout_layer_cave, minmay_temple_entry_mist, serial_shops,
          nicolae_diamond_shop, minmay_lizard_king
D:5:      layout_loops_ring, gammafunk_temple_overflow_pools, fedhas_altar_4,
          chequers_ossuary_entry_cave, grunt_decor_cap, uniq_sigmund
D:6:      layout_basic, gup_sewer_entry_glass, serial_shops, shop, shop,
          nicolae_shop_crystal, kennysheep_little_box
D:7:      layout_cave_pools, serial_glass, glass_columns_a, glass_columns_c,
          ebering_ghost_reflecting_pool, serial_shops, kennysheep_mini_moat
D:8:      layout_cave_pools, jmf_multi_god_temple2, serial_column_ruins,
          column_ruins_square_huge, column_ruins_hut,
          column_ruins_columns_straight, column_ruins_open_tiny_water,
          column_ruins_open_tiny, column_ruins_open_large,
          column_ruins_columns_straight, dk_noncrumbling_4, uniq_pikel,
          uniq_harold
D:9:      layout_basic, led_sif_book, david_orc_1_choice, uniq_maurice
D:10:     layout_long_grid, nicolae_ashenzari_skybound,
          grunt_temple_overflow_opulence, david_lair_generic, minivault_20
D:11:     layout_basic
D:12:     cheibrodos_statue_roulette, layout_rooms,
          portal_ice_cave_entry_ice_simulacra, columned_hall_lemuel,
          nicolae_inconvenience_store, roderic_serpentine_path, uniq_kirke
D:13:     layout_loops_cross, grunt_gozag_breadcrumbs
D:14:     layout_basic, grunt_vaults_entry_tiered, nicolae_take_the_stairs,
          grunt_ministairs_5
D:15:     gammafunk_depths_entry_grave, layout_irregular_city,
          serial_bayou_shore_b, minivault_10, minmay_variable_closet
Temple:   minmay_temple_curvy_loop
Lair:1:   layout_regular_city, serial_bayou_shore_b, uniq_maggie, uniq_urug
Lair:2:   layout_hall_layers, spider_nest_entry_rubble,
          minmay_stone_trees_small, bobbens_dragon_lair_wall,
          uniq_prince_ribbit2
Lair:3:   layout_layer_cave, elwin_shoals_entry_rocks,
          chequers_serial_rivers_large_b, grunt_megastairs_3
Lair:4:   layout_loops_ring, gauntlet_entry_generic, infiniplex_staircase_pool
Lair:5:   mu_elephants_graveyard, layout_small_grid, basic_altar
Lair:6:   due_jungle_book, layout_cave_pods, nicolae_slime_entry_slimehenge,
          lemuel_fruit_tree
Shoals:1: layout_shoals, serial_shops, nicolae_diamond_shop
Shoals:2: cheibrodos_shoals_roost, layout_shoals, serial_shops, shop,
          uniq_roxanne, uniq_ilsuiw, uniq_polyphemus
Shoals:3: layout_shoals, st_shoals_ruin, uniq_mara, uniq_jorgrun
Shoals:4: shoals_end_grunt_ice, layout_shoals, shoal_ilsuiw, serial_shops,
          nicolae_shop_waterfront, ldierk_geyser, lemuel_altar_in_water
Spider:1: layout_spider_delve
Spider:2: layout_chambers, uniq_aizul
Spider:3: nicolae_spider_hilbert_zone_7 [nicolae_spider_hilbert_4_sides_1_open,
          nicolae_spider_hilbert_4_sides_1_open,
          nicolae_spider_hilbert_4_sides_1_open,
          nicolae_spider_hilbert_4_sides_1_open,
          nicolae_spider_hilbert_3_sides_1_open,
          nicolae_spider_hilbert_3_sides_1_open,
          nicolae_spider_hilbert_3_sides_1_open,
          nicolae_spider_hilbert_3_sides_1_open,
          nicolae_spider_hilbert_4_sides_1_open,
          nicolae_spider_hilbert_4_sides_1_open,
          nicolae_spider_hilbert_4_sides_1_open,
          nicolae_spider_hilbert_2_sides_1_open,
          nicolae_spider_hilbert_2_sides_1_open,
          nicolae_spider_hilbert_2_sides_1_open,
          nicolae_spider_hilbert_2_sides_1_open,
          nicolae_spider_hilbert_2_sides_1_open,
          nicolae_spider_hilbert_2_sides_1_open], nicolae_spider_cling_halls
Spider:4: grunt_spider_rune_parallel, uniq_louise, uniq_donald
Orc:1:    layout_caves, serial_shops, nicolae_lakefront_shop,
          biasface_ghost_orc_armoury, uniq_sonja
Orc:2:    st_orc_elflike, layout_diamond_mine, minmay_orc_treasury
Elf:1:    elf_arrival_002, layout_geoelf_octagon, serial_shops,
          nicolae_shop_overgrown_old_shop, orc_legates, drop_trap,
          grunt_ministairs_1, minmay_elf_demonology
Elf:2:    elven_hall_of_blades_hangedman_original
          [infiniplex_blade_entry_pillars], layout_geoelf_octagon, serial_shops,
          nicolae_shop_waterfront
Vaults:1: vaults_room_pool, serial_ice_m, hangedman_vaults_pinch,
          nicolae_vaults_network_periphery, v_misc_3,
          nicolae_vaults_border_crossing, nicolae_vaults_little_squares_6,
          nicolae_vaults_little_ls, vaults_dpeg_doors, grunt_vaults_funnel,
          vaults_dpeg_diagonal, vaults_room_door_ring, v_pattern_2,
          layout_vaults_omnibox, serial_shops,
          nicolae_shop_temple_entry_statues_fountains
Vaults:2: portal_desolation_entry_salt, nicolae_vaults_mini_display_case,
          nicolae_vaults_network_quincunx
          [nicolae_vaults_network_quincunx_subvault,
          nicolae_vaults_network_quincunx_subvault,
          nicolae_vaults_network_quincunx_subvault,
          nicolae_vaults_network_quincunx_subvault,
          nicolae_vaults_network_quincunx_subvault],
          nicolae_vaults_an_arrangement, nicolae_vaults_network_quinsquares
          [nicolae_vaults_network_quincunx_subvault,
          nicolae_vaults_network_quincunx_subvault,
          nicolae_vaults_network_quincunx_subvault,
          nicolae_vaults_network_quincunx_subvault],
          hangedman_vaults_river_flow, dpeg_vaults_monster_box, v_misc_15,
          nicolae_vaults_network_square, nicolae_vaults_little_squares_5,
          vaults_room_pools, ontoclasm_vaults_misaligned, serial_ice_b,
          minmay_crypt_entry_necro_gods, layout_vaults_maze_snakey
Vaults:3: nicolae_vaults_rhombus_7, hangedman_vaults_unwind,
          nicolae_vaults_big_angled_halls, layout_vaults_omnigrid
Vaults:4: st_lattice, v_alt_pattern_6, v_rooms_6, v_misc_18,
          ontoclasm_vaults_ligature, grunt_vaults_twisty,
          ontoclasm_vaults_shuriken, ontoclasm_vaults_idyll,
          ontoclasm_vaults_spin, vaults_dpeg_ring, layout_vaults_omnicross,
          serial_shops, nicolae_lakefront_shop, uniq_margery
Vaults:5: serial_shops, uniq_frederick
Depths:1: layout_gridlike, pf_vacation_house_of_asmodeus,
          nicolae_uskayaw_dance_hall
Depths:2: minmay_central_circle, layout_basic, enter_ziggurat_c,
          grunt_mini_vestibule, serial_curves, eino_curves_01, eino_curves_01,
          eino_curves_02, eino_curves_03, grunt_pan_entry_spiral,
          abyss_entry_crystal, serial_shops, shop, grunt_ministairs_15
Depths:3: cheibrodos_hall_of_evolution, layout_gridlike,
          nicolae_abyss_entry_one_way_or_another,
          chequers_serial_rivers_micro_c, hell_entry, rand_demon_pan_entry_7,
          uniq_enchantress, uniq_sojobo
Depths:4: grunt_zot_entry_tricorne, layout_basic, pan_entry, hell_entry,
          minmay_shoptagon, serial_bayou_shore_b

Skill      XL: |  1  2  3  4  5  6  7  8  9 10 11 12 13 14 15 16 17 18 19 20 |
---------------+-------------------------------------------------------------+-----
Unarmed Combat | 1 2 3 4 6 7 8 10 12 14 15 | 15.0
Ice Magic      | 4 5 6 7 8 10 14 15 17 20 19 | 20.8
Spellcasting   | 3 4 5 6 7 9 10 | 10.0
Fighting       | 1 2 4 6 8 11 12 15 18 | 18.0
Stealth        | 3 6 8 10 12 13 15 | 15.0
Dodging        | 3 4 6 8 9 15 18 19 | 19.1
Conjurations   | 1 4 8 10 14 15 17 20 19 | 20.9
Earth Magic    | 4 7 8 |  8.0

Action                   |  1- 3 |  4- 6 |  7- 9 | 10-12 | 13-15 | 16-18 | 19-21 || total
-------------------------+-------+-------+-------+-------+-------+-------+-------++-------
Melee: Unarmed           |    20 |   103 |   197 |   297 |   925 |   880 |   590 ||  3012
       Bite              |     2 |     8 |    19 |    31 |    88 |    66 |    52 ||   266
       Punch             |       |     2 |     5 |     4 |    32 |    37 |    31 ||   111
 Cast: Freeze            |    38 |    42 |    29 |    36 |    29 |     1 |       ||   175
       Frozen Ramparts   |     5 |    14 |    34 |    83 |   150 |    97 |     2 ||   385
       Ozocubu's Armour  |       |     8 |    38 |    69 |   153 |   183 |    88 ||   539
       Hailstorm         |       |       |    19 |   135 |   333 |   382 |    15 ||   884
       Shock             |       |       |       |     5 |     4 |     7 |    11 ||    27
       Stone Arrow       |       |       |       |       |    55 |   343 |     9 ||   407
       Iron Shot         |       |       |       |       |       |   146 |   272 ||   418
       Ozocubu's Refrige |       |       |       |       |       |    73 |   244 ||   317
       Orb of Destructio |       |       |       |       |       |    26 |   252 ||   278
Invok: Sacrifice Artific |       |       |     1 |       |       |       |       ||     1
       Sacrifice Essence |       |       |     1 |       |       |       |       ||     1
       Draw Out Power    |       |       |     1 |     8 |     5 |    23 |    11 ||    48
       Sacrifice Courage |       |       |       |     1 |       |       |       ||     1
       Apocalypse        |       |       |       |     2 |    14 |    13 |     6 ||    35
       Sacrifice Love    |       |       |       |     1 |       |       |       ||     1
       Sacrifice Arcana  |       |       |       |     1 |       |       |       ||     1
       Sacrifice an Eye  |       |       |       |       |     1 |       |       ||     1
       Power Leap        |       |       |       |       |     4 |     2 |     2 ||     8
  Use: Scroll            |     4 |     2 |     9 |    10 |     8 |     6 |     5 ||    44
       Potion            |       |     3 |       |     3 |     3 |     9 |     2 ||    20
 Stab: Sleeping          |     5 |     8 |    10 |     5 |    32 |    33 |    18 ||   111
       Distracted        |       |       |     1 |     2 |     6 |    16 |     8 ||    33
       Invisible         |       |       |       |     1 |     6 |    10 |     3 ||    20
       Paralysed         |       |       |       |     3 |    28 |     6 |     6 ||    43
       Petrifying        |       |       |       |       |       |     1 |       ||     1
       Petrified         |       |       |       |       |       |     1 |       ||     1
Armor: Skin              |       |    13 |    47 |    64 |   196 |   185 |    70 ||   575
Dodge: Dodged            |    54 |   114 |   203 |   333 |   886 |  1558 |   614 ||  3762

Table legend: (Time is in decaauts)
 A = Elapsed time spent in this place.
 B = Non-inter-level travel time spent in this place.
 C = Inter-level travel time spent in this place.
 D = Time resting spent in this place.
 E = Time spent auto-exploring this place.
 F = Levels seen in this place.
 G = Mean time per level.
                   A        B        C        D        E       F      G
               +--------+--------+--------+--------+--------+-----+--------+
         Total | 108037 | 100266 |   7771 |  47221 |  32679 |  49 | 2204.8 |
       Dungeon |  28911 |  26134 |   2777 |   8066 |  13970 |  15 | 1927.4 |
        Temple |    190 |    155 |     35 |      0 |    150 |   1 |  190.0 |
          Lair |  13669 |  12827 |    842 |   5675 |   4872 |   6 | 2278.2 |
        Shoals |  10131 |   9817 |    314 |   5947 |   1448 |   4 | 2532.8 |
   Spider Nest |  11048 |  10532 |    516 |   5473 |   3532 |   4 | 2762.0 |
  Orcish Mines |   5094 |   4707 |    387 |   2534 |   1320 |   2 | 2547.0 |
   Elven Halls |   3558 |   3249 |    309 |   1444 |   1200 |   2 | 1779.0 |
        Vaults |  10591 |   9862 |    729 |   4160 |   2696 |   5 | 2118.2 |
        Depths |  19109 |  17250 |   1859 |  11455 |   2726 |   4 | 4777.2 |
         Abyss |   1319 |   1319 |      0 |    598 |      0 |   1 | 1319.0 |
         Sewer |    852 |    852 |      0 |    239 |    490 |   1 |  852.0 |
       Ossuary |    368 |    368 |      0 |     47 |      0 |   1 |  368.0 |
      Ice Cave |     91 |     91 |      0 |     40 |      1 |   1 |   91.0 |
    Desolation |   2105 |   2105 |      0 |    947 |    115 |   1 | 2105.0 |
      Gauntlet |    995 |    995 |      0 |    592 |    154 |   1 |  995.0 |
               +--------+--------+--------+--------+--------+-----+--------+

Top non-repeatable levels by time:
Depths:1: 7189 daAuts
Depths:2: 5837 daAuts
Spider:3: 5266 daAuts
     D:9: 3689 daAuts
   Orc:2: 3529 daAuts
    D:15: 3473 daAuts
  Lair:6: 3199 daAuts
    D:14: 3139 daAuts
Depths:3: 3113 daAuts
Shoals:4: 3088 daAuts
Vaults:1: 3030 daAuts
Depths:4: 2968 daAuts
   Elf:1: 2917 daAuts
  Lair:2: 2756 daAuts
  Lair:3: 2723 daAuts
